 Dungeon Crawl Stone Soup version 0.20.2-3-g29329e0561 (webtiles) character file.

120 Alfie the Skirmisher (level 5, -3/47 HPs)
             Began as a Hill Orc Fighter on July 4, 2023.
             Slain by Alfie's ghost (6 damage)
             ... on level 3 of the Dungeon.
             The game lasted 00:03:58 (1471 turns).

Alfie the Skirmisher (Hill Orc Fighter)             Turns: 1471, Time: 00:03:59

Health: -3/47      AC:  8    Str: 25    XL:     5   Next: 4%
Magic:  0/5        EV:  8    Int:  8    God:
Gold:   78         SH: 10    Dex: 10    Spells: 4/4 levels left

rFire    . . .     SeeInvis .   a - +0 rapier
rCold    . . .     Gourm    .   c - +0 shield
rNeg     . . .     Faith    .   b - +0 scale mail
rPois    .         Spirit   +   (no helmet)
rElec    .         Reflect  .   m - scarf {Spirit}
rCorr    .         Harm     .   (no gloves)
MR       .....                  v - +0 pair of boots
Stlth    ..........             (no amulet)
Regen    0.2/turn               (no ring)
MPRegen  0.1/turn               (no ring)

@: mighty, lethally poisoned (-3 -> -4)
A: no striking features
a: no special abilities


You were on level 3 of the Dungeon.
You were not hungry.

You visited 1 branch of the dungeon, and saw 3 of its levels.

You collected 78 gold pieces.

Inventory:

Hand Weapons
 a - a +0 rapier (weapon)
Missiles
 s - 4 tomahawks (quivered)
Armour
 b - a +0 scale mail (worn)
 c - a +0 shield (worn)
 m - a scarf of spirit shield (worn)
 v - a +0 pair of boots (worn)
Scrolls
 e - 3 scrolls of remove curse {unknown}
 g - 2 scrolls of amnesia {unknown}
 h - a scroll of fear {unknown}
 k - 2 scrolls of identify {unknown}
 l - a scroll of blinking {unknown}
 p - a scroll of magic mapping {unknown}
 t - a scroll of enchant weapon {unknown}
Potions
 j - a potion of flight {unknown}
 n - a potion of heal wounds {unknown}
 o - 2 potions of curing {unknown}
 q - a potion of haste {unknown}
 r - 2 potions of berserk rage {unknown}
Comestibles
 f - a bread ration
 i - a meat ration
 u - a royal jelly


   Skills:
 + Level 4.5 Fighting
 + Level 3.3 Short Blades
 + Level 3.6 Armour
 + Level 0.4 Dodging
 + Level 4.1 Shields


You had 4 spell levels left.
You didn't know any spells.

Dungeon Overview and Level Annotations

Branches:
Dungeon (3/15)

Altars:
Gozag
Okawaru
Ru
Sif Muna
Vehumet
Xom

Annotations:
D:3 Alfie's ghost, weakling HOFi


Message History

The adder barely misses you.
You hit the adder.
You kill the adder!
You have reached level 5!
You feel stronger. Alfie's ghost hits you! You block Alfie's ghost's attack.
You feel very mighty all of a sudden.
You feel sick. Alfie's ghost completely misses you.
You puncture Alfie's ghost!
Alfie's ghost is heavily damaged.
Alfie's ghost hits you!
* * * LOW HITPOINT WARNING * * *
You puncture Alfie's ghost!
Alfie's ghost is almost destroyed.
Alfie's ghost hits you.
* * * LOW HITPOINT WARNING * * *
You hit Alfie's ghost.
Alfie's ghost is almost destroyed.
You feel sick. Alfie's ghost hits you.
You die...

...... ......###
........# # ........#.#
# ..?#..#.#.# ###
......#.# . #_#
########W.#..... ##.##
.......@..#.#.##. #...#
.......†......h..
#...##
#########..##.##.
.....# ##.# .....###
#.# #.. ..8....###
########.## #..
..#......###......#..#
#..
8###8......'......##.#
#..
..#......###......##.##
#..


You could see Alfie's ghost and a jackal (wandering).

Vanquished Creatures
  6 adders
  An ooze (D:2)
  A worm (D:2)
  3 dart slugs
  2 leopard geckos
  5 giant cockroaches
  5 goblins
  3 hobgoblins
  4 jackals (D:2)
  6 kobolds
  6 bats
  3 frilled lizards
  5 rats
50 creatures vanquished.

Notes
Turn   | Place    | Note
-------+----------+-------------------------------------------
     0 | D:1      | Alfie the Hill Orc Fighter began the quest for the Orb.
     0 | D:1      | Reached XP level 1. HP: 19/19 MP: 1/1
   140 | D:1      | Reached XP level 2. HP: 23/27 MP: 2/2
   331 | D:1      | Found a radiant altar of Vehumet.
   334 | D:1      | Found a bloodstained altar of Trog.
   334 | D:1      | Found a shimmering altar of Xom.
   338 | D:1      | Found a sacrificial altar of Ru.
   338 | D:1      | Found an opulent altar of Gozag.
   338 | D:1      | Found an iron altar of Okawaru.
   487 | D:2      | Reached XP level 3. HP: 33/33 MP: 3/3
   745 | D:2      | Reached XP level 4. HP: 15/40 MP: 2/4
  1402 | D:3      | Found a radiant altar of Vehumet.
  1406 | D:3      | Found a deep blue altar of Sif Muna.
  1418 | D:3      | Found a shimmering altar of Xom.
  1459 | D:3      | Noticed Alfie's ghost (weakling HOFi)
  1467 | D:3      | Reached XP level 5. HP: 22/47 MP: 3/5
  1471 | D:3      | Slain by Alfie's ghost

Skill      XL: |  1  2  3  4 |
---------------+-------------+-----
Fighting       | 4 |  4.5
Short Blades   | 3 |  3.3
Shields        | 4 |  4.1
Armour         | |  3.6
Dodging        | |  0.4

Action                   |  1- 3 |  4- 6 || total
-------------------------+-------+-------++-------
Melee: Rapier            |   102 |    77 ||   179
Throw: Tomahawk          |       |     1 ||     1
  Use: Potion            |       |     1 ||     1
  Eat: Bread ration      |       |     1 ||     1
Armor: Scale mail        |    59 |    28 ||    87
Dodge: Dodged            |    28 |    37 ||    65
Block: Shield            |    49 |    33 ||    82
